 Dungeon Crawl Stone Soup version 0.29-a0-520-gc852659d43 (webtiles) character file.

Game seed: 10599547047442195955

24407 dohliylev the Thaumaturge (level 12, -17/51 HPs)
             Began as a Spriggan Venom Mage on May 31, 2022.
             Was an Initiate of Sif Muna.
             Demolished by a black mamba (18 damage)
             ... on level 2 of the Lair of Beasts.
             The game lasted 02:00:26 (24768 turns).

dohliylev the Thaumaturge (Spriggan Venom Mage)    Turns: 24768, Time: 02:00:27

Health: -17/51     AC:  2    Str:  4    XL:     12   Next: 80%
Magic:  0/29       EV: 24    Int: 32    God:    Sif Muna [......]
Gold:   871        SH:  0    Dex: 16    Spells: 9/35 levels left

rFire   . . .      SeeInvis +   r - +7 club
rCold   . . .      Faith    .   (no shield)
rNeg    . . .      Spirit   +   L - +1 robe {Archmagi}
rPois   +          Reflect  .   (helmet restricted)
rElec   .          Harm     .   u - -2 cloak "Woing" {rPois Int+5}
rCorr   .          Rampage  .   (gloves unavailable)
Will    ++...      Archmagi +   (boots unavailable)
Stlth   +++++.....              p - amulet of guardian spirit
HPRegen 0.17/turn               J - ring of wizardry
MPRegen 0.21/turn               B - +6 ring of intelligence

@: very quick
A: very small, no large weapons, unfitting armour, see invisible, speed 3
a: Renounce Religion


You were on level 2 of the Lair of Beasts.
You worshipped Sif Muna.
Sif Muna was noncommittal.
You visited 4 branches of the dungeon, and saw 15 of its levels.
You also visited: Bailey.

You collected 1483 gold pieces.
You spent 612 gold pieces at shops.

Inventory:

Hand Weapons
 r - a +7 club (weapon)
 C - the +8 hunting sling of the Queen {freeze, rF+}
   (You took it off an orc on level 5 of the Dungeon)

   Any ammunition fired from it freezes those it strikes, dealing additional
   cold damage.
   It can also slow down cold-blooded creatures.
   rF:        It protects you from fire.
Armour
 s - a +2 robe of cold resistance
 u - the -2 cloak "Woing" (worn) {rPois Int+5}
   (You found it on level 3 of the Dungeon)

   Int:       It affects your intelligence (+5).
   rPois:     It protects you from poison.
 E - +0 steam dragon scales
 L - a +1 robe of the Archmagi (worn)
 R - a +0 troll leather armour
Jewellery
 d - a ring of poison resistance
 k - a ring of poison resistance
 p - an amulet of guardian spirit (around neck)
 B - a +6 ring of intelligence (right hand)
 J - a ring of wizardry (left hand)
Wands
 D - a wand of flame (36)
 H - a wand of iceblast (8)
 I - a wand of charming (13)
 Q - a wand of mindburst (3)
Scrolls
 c - 4 scrolls of amnesia
 e - 5 scrolls of enchant weapon
 j - 5 scrolls of enchant armour
 o - a scroll of magic mapping
 q - a scroll of fog
 y - 5 scrolls of teleportation
 z - 2 scrolls of acquirement
 A - a scroll of brand weapon
 N - a scroll of blinking
Potions
 b - a potion of magic
 g - a potion of experience {unknown}
 h - a potion of haste {unknown}
 l - 4 potions of curing
 n - a potion of invisibility {unknown}
 t - 2 potions of brilliance {unknown}
 v - 2 potions of heal wounds {unknown}
 x - 2 potions of cancellation {unknown}
 F - a potion of flight {unknown}
 G - a potion of berserk rage {unknown}
 K - a potion of mutation {unknown}
 M - 2 potions of might {unknown}
 O - a potion of resistance {unknown}


   Skills:
 + Level 11.7 Dodging
 + Level 10.3 Stealth
 - Level 12.0 Spellcasting
 - Level 4.0 Conjurations
 - Level 11.5 Hexes
 - Level 4.0 Translocations
 * Level 10.2 Transmutations
 - Level 6.5 Air Magic
 - Level 6.0 Poison Magic


You had 9 spell levels left.
You knew the following spells:

 Your Spells              Type           Power      Damage    Failure   Level
a - Sting                 Tmut/Pois      100%       1d8       1%          1
b - Poisonous Vapours     Pois/Air       100%       N/A       1%          2
c - Mephitic Cloud        Conj/Pois/Air  70%        N/A       1%          3
d - Olgreb's Toxic Radia  Pois           72%        N/A       1%          4
e - Tukima's Dance        Hex            96%        N/A       1%          3
f - Yara's Violent Unrav  Hex/Tmut       46%        3d18      1%          5
g - Passage of Golubria   Tloc           61%        N/A       1%          4
h - Iskenderun's Mystic   Conj/Tloc      61%        2d13      1%          4

Your spell library contained the following spells:

 Spells                   Type           Power      Damage    Failure   Level
 Sandblast                Erth           56%        2d13      1%          1
 Inner Flame              Hex/Fire       71%        N/A       1%          3
 Portal Projectile        Hex/Tloc       100%       N/A       1%          3
 Anguish                  Hex/Necr       35%        N/A       1%          4
 Cause Fear               Hex            48%        N/A       1%          4
 Fulminant Prism          Conj/Hex       40%        3d20      1%          4
 Blade Hands              Tmut           45%        N/A       1%          5
 Irradiate                Conj/Tmut      39%        3d26      1%          5
 Enfeeble                 Hex            48%        N/A       8%          7
 Dragon Form              Tmut           45%        N/A       12%         7
 Lee's Rapid Deconstruct  Erth           14%        3d10*     26%         5
 Discord                  Hex            48%        N/A       47%         8


Dungeon Overview and Level Annotations

Branches:
Dungeon (10/15)              Lair (2/6) D:8             Orc (2/2) D:10
    Elf (1/3) Orc:2        Bailey (visited)
 Temple: D:4-7        Swamp: Lair:2-4    Shoals: Lair:2-4     Snake: Lair:2-4
 Spider: Lair:2-4

Altars:
Elyvilon
Fedhas
Gozag
Hepliaklqana
Nemelex Xobeh
Okawaru
Qazlal
Sif Muna
Xom
Zin
Beogh

Shops:
Orc:2 *([::

Annotations:
D:3 3 runed translucent doors, dezertu's ghost, amateur OgFi; initializr's ghost, weakling HOFi; kae's ghost, amateur DgFE


Innate Abilities, Weirdness & Mutations

You are very small and have problems with some larger weapons.
You are too small for most types of armour.
You have supernaturally acute eyesight. (SInv)
You cover ground extremely quickly. (Speed+++)


Message History

The black mamba attacks as you move away!
The black mamba bites you!
* * * LOW HITPOINT WARNING * * *
The black mamba attacks as you move away!
The black mamba completely misses you. The black mamba bites you!
* * * LOW HITPOINT WARNING * * *
The black mamba attacks as you move away!
The black mamba completely misses you.
Aiming: Sting (safe; 1% risk of failure)
Press: ? - help, Q - select action, (/) - cycle Shift-Dir - straight line, f/p - black mamba
Aim: a black mamba (moderately wounded, 63% to hit)
You feel a surge of power!
The sting misses the black mamba.
The black mamba completely misses you.
Unknown command.
Aiming: Sting (safe; 1% risk of failure)
Press: ? - help, Q - select action, (/) - cycle Shift-Dir - straight line, f/p - black mamba
Aim: a black mamba (moderately wounded, 63% to hit)
You feel a surge of power!
The sting hits the black mamba but does no damage.
The black mamba is poisoned.
The black mamba is moderately wounded.
The black mamba misses you. The black mamba closely misses you.
Aiming: Sting (safe; 1% risk of failure)
Press: ? - help, Q - select action, (/) - cycle Shift-Dir - straight line, f/p - black mamba
Aim: a black mamba (moderately wounded, poisoned, 63% to hit)
You feel a surge of power!
The sting hits the black mamba but does no damage.
The black mamba looks even sicker.
The black mamba is moderately wounded.
The black mamba completely misses you. x2
The black mamba attacks as you move away!
The black mamba bites you!
* * * LOW HITPOINT WARNING * * *
Unknown command.
The black mamba attacks as you move away!
The black mamba completely misses you. The black mamba closely misses you.
The black mamba attacks as you move away!
The black mamba bites you!!
You die...

##...# #...#.....#
#P...###...##.÷..#
##...##....##...## .#
#...###...P#...# .#
##...###...P#...# .##
#....##....##...# .P
##.(.###.<.##...## .#
#....###....#F..P# .##
#.....##...@S....# ..##
#....P#.÷..##....#
.#.###.....##...##...##
.F...............†...#
.....................#
...(.................#
###..#P.###.###.####.#
####### ### ### ##


You could see a black mamba (very poisoned) and a cane toad.

Vanquished Creatures
  An orc warlord (Orc:2)
  Erolcha (D:9)
  A centaur warrior (D:9)
  3 orc knights
  2 orc sorcerers
  A cyclops (D:6)
  A black mamba (Lair:1)
  Joseph (D:9)
  5 cane toads
  2 kobold demonologists
  Psyche (D:9)
  A polar bear (Lair:2)
  6 trolls
  2 hornets
  Prince Ribbit (D:9)
  A dancing weapon (Orc:2)
  21 yaks
  3 wyverns
  2 steam dragons
  Grum (D:8)
  7 wargs
  2 water moccasins (Lair:1)
  41 orc warriors
  2 black bears (D:5)
  9 ogres
  6 centaurs
  4 wolves (D:8)
  A phantom (D:5)
  3 kobold brigands
  2 necrophages
  5 bullfrogs
  A gnoll sergeant (D:8)
  A scorpion (D:6)
  4 wights
  A howler monkey (D:9)
  6 electric eels (Bailey)
  5 hounds
  4 jellies
  21 orc priests
  Jessica (D:2)
  3 iguanas
  23 orc wizards
  19 gnolls
  7 adders
  3 white imps
  3 dart slugs
  95 orcs
  6 endoplasms
  6 giant cockroaches
  16 goblins
  17 hobgoblins
  2 jackals (D:2)
  6 quokkas
  9 ball pythons
  8 bats
  4 frilled lizards
  15 kobolds
  7 rats
432 creatures vanquished.

Vanquished Creatures (collateral kills)
  An orc knight (Orc:1)
  3 orc warriors (Orc:2)
  A centaur (D:10)
  A kobold brigand (D:10)
  4 wights
10 creatures vanquished.

Vanquished Creatures (others)
  6 dancing weapons
  5 fungi (Lair:2)
  7 plants (Lair:2)
  4 withered plants (D:3)
22 creatures vanquished.

Grand Total: 464 creatures vanquished

Notes
Turn   | Place    | Note
-------+----------+-------------------------------------------
     0 | D:1      | dohliylev the Spriggan Venom Mage began the quest for the
                  | Orb.
     0 | D:1      | Reached XP level 1. HP: 9/9 MP: 5/5
   226 | D:1      | Reached XP level 2. HP: 13/13 MP: 2/6
   265 | D:1      | Learned a level 2 spell: Poisonous Vapours
   379 | D:1      | Reached skill level 3 in Spellcasting
   996 | D:1      | Reached XP level 3. HP: 16/16 MP: 0/8
  1477 | D:1      | Learned a level 3 spell: Mephitic Cloud
  1735 | D:2      | Found a faded altar of an unknown god.
  2026 | D:2      | Reached XP level 4. HP: 21/21 MP: 0/10
  2168 | D:2      | Reached skill level 4 in Spellcasting
  2168 | D:2      | Reached skill level 1 in Air Magic
  2434 | D:2      | Noticed Jessica
  2440 | D:2      | Killed Jessica
  3025 | D:3      | Reached XP level 5. HP: 24/24 MP: 7/12
  3281 | D:3      | Found a stormy altar of Qazlal.
  3293 | D:3      | Found a runed translucent gate.
  3294 | D:3      | Found a runed translucent gate.
  3295 | D:3      | Found a runed translucent gate.
  3296 | D:3      | Noticed initializr's ghost (weakling HOFi)
  3296 | D:3      | Noticed dezertu's ghost (amateur OgFi)
  3296 | D:3      | Noticed kae's ghost (amateur DgFE)
  3488 | D:3      | Found a blossoming altar of Fedhas.
  3967 | D:3      | Identified the -2 cloak "Woing" {rPois Int+5}
  3979 | D:3      | Learned a level 4 spell: Olgreb's Toxic Radiance
  5411 | D:5      | Entered Level 5 of the Dungeon
  5504 | D:5      | Noticed a black bear
  5515 | D:5      | Killed a black bear
  5516 | D:5      | Reached skill level 5 in Poison Magic
  5516 | D:5      | Reached XP level 6. HP: 28/28 MP: 6/13
  5622 | D:5      | Identified the +8 hunting sling of the Queen {freeze, rF+}
  5727 | D:5      | Found a shimmering altar of Xom.
  5942 | D:6      | Noticed a shadow
  6390 | D:5      | Reached XP level 7. HP: 32/32 MP: 5/14
  7626 | D:6      | Found a sparkling altar of Nemelex Xobeh.
  7675 | D:6      | Noticed a cyclops
  7711 | D:6      | Killed a cyclops
  7712 | D:6      | Reached skill level 5 in Stealth
  7712 | D:6      | Reached skill level 1 in Conjurations
  7712 | D:6      | Reached XP level 8. HP: 36/36 MP: 9/15
  8366 | D:7      | Noticed a hornet
  8384 | D:7      | Killed a hornet
  8385 | D:7      | Reached skill level 5 in Spellcasting
  8467 | D:7      | Reached skill level 6 in Spellcasting
  8645 | D:7      | Reached XP level 9. HP: 39/39 MP: 15/20
  8773 | D:7      | Learned a level 3 spell: Tukima's Dance
  8795 | D:7      | Reached skill level 7 in Spellcasting
  8869 | D:7      | Found a hazy altar of Hepliaklqana.
  8904 | D:7      | Found an opulent altar of Gozag.
  9061 | D:7      | Reached skill level 8 in Spellcasting
  9257 | D:7      | Reached skill level 1 in Hexes
  9950 | D:8      | Learned a level 5 spell: Yara's Violent Unravelling
  9955 | D:8      | Learned a level 4 spell: Passage of Golubria
 10209 | D:8      | Found a glowing silver altar of Zin.
 10267 | D:8      | Reached skill level 5 in Hexes
 10281 | D:8      | Reached skill level 5 in Dodging
 10581 | D:8      | Found a staircase to the Lair.
 10601 | D:8      | Found a white marble altar of Elyvilon.
 10717 | D:8      | Found an iron altar of Okawaru.
 11114 | D:8      | Noticed Grum
 11128 | D:8      | Killed Grum
 11129 | D:8      | Reached XP level 10. HP: 44/44 MP: 0/23
 11833 | D:9      | Noticed a centaur warrior
 11834 | D:9      | Noticed Erolcha
 11834 | D:9      | Noticed Psyche
 11882 | D:9      | Killed a centaur warrior
 11910 | D:9      | Noticed Prince Ribbit
 11939 | D:9      | Killed Prince Ribbit
 12050 | D:9      | Noticed Joseph
 12089 | D:9      | Killed Joseph
 12284 | D:9      | Found a flagged portal.
 12321 | D:9      | Reached skill level 10 in Hexes
 12357 | Bailey   | Entered a bailey
 13001 | Bailey   | Noticed an orc knight
 13042 | Bailey   | Killed an orc knight
 13372 | Bailey   | Reached XP level 11. HP: 47/47 MP: 22/24
 13387 | Bailey   | Noticed an orc sorcerer
 13414 | Bailey   | Killed an orc sorcerer
 13481 | Bailey   | Found an iron altar of Okawaru.
 14500 | D:9      | Killed Psyche
 14887 | D:9      | Killed Erolcha
 15165 | D:10     | Entered Level 10 of the Dungeon
 15647 | D:10     | Reached skill level 10 in Dodging
 15847 | D:10     | Found a staircase to the Orcish Mines.
 16288 | Lair:1   | Entered Level 1 of the Lair of Beasts
 16778 | Lair:1   | Reached skill level 10 in Stealth
 16828 | Lair:1   | Learned a level 4 spell: Iskenderun's Mystic Blast
 16941 | Lair:1   | Reached skill level 1 in Translocations
 17666 | Orc:1    | Entered Level 1 of the Orcish Mines
 17819 | Orc:2    | Entered Level 2 of the Orcish Mines
 17819 | Orc:2    | Found a staircase to the Elven Halls.
 17853 | Orc:1    | Noticed an orc knight
 17853 | Orc:1    | Found a shimmering altar of Xom.
 18048 | Orc:1    | Killed an orc knight
 18049 | Orc:1    | Reached skill level 9 in Spellcasting
 18049 | Orc:1    | Reached skill level 5 in Transmutations
 18276 | Orc:1    | Reached XP level 12. HP: 51/51 MP: 21/26
 19779 | Orc:2    | Reached skill level 10 in Spellcasting
 21513 | Orc:2    | Noticed an orc warlord
 21535 | Orc:2    | Killed an orc warlord
 21536 | Orc:2    | Reached skill level 11 in Spellcasting
 21683 | Orc:2    | Upgraded the game from 0.29-a0-330-g52719c12eb to
                  | 0.29-a0-520-gc852659d43
 21723 | Orc:2    | Found Xytson's Antique Armour Shop.
 21724 | Orc:2    | Found Mafuz's Antique Weapon Boutique.
 22661 | Orc:2    | Found Vummitoym's Book Boutique.
 22669 | Orc:2    | Bought a book of Hexes for 612 gold pieces
 22733 | Orc:2    | Found Palaosurr's Book Boutique.
 23052 | Orc:2    | Found Fuhun's General Store.
 23177 | Elf:1    | Entered Level 1 of the Elven Halls
 23649 | Orc:1    | Found a shimmering blue altar of Sif Muna.
 23656 | Orc:1    | Became a worshipper of Sif Muna the Loreminder
 23783 | Orc:1    | Got Sif Muna's Tome of Stones
 23953 | Lair:1   | Reached skill level 12 in Spellcasting
 24593 | Lair:2   | Reached skill level 10 in Transmutations
 24764 | Lair:2   | HP: 1/51 [black mamba (9)]
 24768 | Lair:2   | Demolished by a black mamba

Illustrated notes

Levels and vault maps discovered:
D:1:      saegor_arrival_under_anarchy, layout_basic, minmay_tetromino_s2
D:2:      layout_rooms, basic_ecumenical_altar, uniq_jessica
D:3:      minmay_general_purpose_star, layout_basic, lemuel_round_altar,
          mainiacjoe_overflow_tiny_flanked, gammafunk_ghost_cemetery
D:4:      layout_loops_ring
D:5:      layout_loops_ring, xom_teletrap_fun
D:6:      layout_rooms, lemuel_tele_altar, minmay_temple_entry_statues
D:7:      layout_loops_ring, lemuel_doored_altar, overflow_temple_1_default
D:8:      layout_loops_ring, marbit_many_paths, kennysheep_okawaru_gauntlet,
          elyvilon_altar_5, grunt_ministairs_14,
          nicolae_concentric_dashed_squares_mild, grunt_decor_mini_mirrors,
          uniq_grum
D:9:      layout_roguey, enter_bailey_2, nicolae_figureground_pulse,
          uniq_prince_ribbit1, uniq_erolcha, uniq_joseph, uniq_psyche
D:10:     layout_rooms, orc_0_dummy
Lair:1:   layout_long_grid, serial_forest, infiniplex_forest_zigzag_1,
          infiniplex_forest_straight_1, infiniplex_forest_pool,
          infiniplex_forest_diagonal, infiniplex_forest_corner_1,
          infiniplex_forest_zigzag_1, infiniplex_forest_lined_1
Lair:2:   layout_long_grid, guppyfry_snake_entry_garden, lemuel_fruit_fields,
          grunt_megastairs_3
Orc:1:    layout_caves, hangedman_feature_mirror, led_sif_book
Orc:2:    grunt_orc_community_town_hall, layout_caves,
          grunt_orc_community_big_house_1, grunt_orc_community_big_house_2,
          grunt_orc_community_house_2, grunt_orc_community_house_3,
          grunt_orc_community_house_1, grunt_orc_community_house_3,
          grunt_orc_community_house_2, serial_shops, nicolae_lakefront_shop
Elf:1:    layout_loops_corners, serial_shops, shop,
          kennysheep_underground_church, dreamdust_wishing_well,
          small_statue_intersection, nicolae_shop_firing_range

Skill      XL: |  1  2  3  4  5  6  7  8  9 10 11 12 |
---------------+-------------------------------------+-----
Spellcasting   | 3 4 6 8 9 12 | 12.0
Transmutations | 2 3 4 5 10 | 10.2
Air Magic      | 1 2 3 6 |  6.5
Poison Magic   | 4 5 6 |  6.0
Stealth        | 5 6 7 10 | 10.3
Dodging        | 3 4 5 7 11 | 11.7
Conjurations   | 1 2 3 4 |  4.0
Hexes          | 6 10 11 | 11.5
Translocations | 2 4 |  4.0

Action                   |  1- 3 |  4- 6 |  7- 9 | 10-12 || total
-------------------------+-------+-------+-------+-------++-------
Melee: Unarmed           |     1 |     1 |       |       ||     2
       Club              |       |     1 |    50 |    40 ||    91
       Punch             |       |       |     4 |     2 ||     6
 Cast: Sting             |    34 |    62 |   108 |   295 ||   499
       Poisonous Vapours |    54 |    80 |    58 |   203 ||   395
       Olgreb's Toxic Ra |       |     5 |    14 |    60 ||    79
       Mephitic Cloud    |       |     2 |     9 |    49 ||    60
       Tukima's Dance    |       |       |    16 |    28 ||    44
       Yara's Violent Un |       |       |       |    23 ||    23
  Use: Scroll            |       |     2 |       |    12 ||    14
       Potion            |       |       |       |     2 ||     2
 Stab: Sleeping          |       |     1 |       |       ||     1
       Confused          |       |       |       |     2 ||     2
Armor: Robe              |     1 |     2 |     2 |     3 ||     8
       Steam dragon scal |       |       |     2 |     5 ||     7
       Skin              |       |       |       |     2 ||     2
Dodge: Dodged            |    14 |    30 |    60 |   156 ||   260

Table legend: (Time is in decaauts)
 A = Elapsed time spent in this place.
 B = Non-inter-level travel time spent in this place.
 C = Inter-level travel time spent in this place.
 D = Time resting spent in this place.
 E = Time spent auto-exploring this place.
 F = Levels seen in this place.
 G = Mean time per level.
                   A        B        C        D        E       F      G
               +--------+--------+--------+--------+--------+-----+--------+
         Total |  20470 |  20056 |    414 |  11228 |   4438 |  16 | 1279.4 |
       Dungeon |  11847 |  11543 |    304 |   6236 |   2895 |  10 | 1184.7 |
          Lair |   1714 |   1689 |     25 |    746 |    420 |   2 |  857.0 |
  Orcish Mines |   5239 |   5155 |     84 |   3173 |    851 |   2 | 2619.5 |
   Elven Halls |      1 |      1 |      0 |      0 |      0 |   1 |    1.0 |
        Bailey |   1667 |   1667 |      0 |   1072 |    270 |   1 | 1667.0 |
               +--------+--------+--------+--------+--------+-----+--------+

Top non-repeatable levels by time:
   Orc:2: 3502 daAuts
   Orc:1: 1736 daAuts
  Bailey: 1667 daAuts
     D:8: 1531 daAuts
     D:7: 1517 daAuts
     D:1: 1412 daAuts
  Lair:1: 1363 daAuts
     D:3: 1335 daAuts
     D:5: 1237 daAuts
     D:9: 1144 daAuts
     D:2: 1073 daAuts
     D:6: 1014 daAuts
    D:10: 950 daAuts
     D:4: 632 daAuts
  Lair:2: 350 daAuts
